 Dungeon Crawl Stone Soup version 0.26.0-15-gc6cd9f7 (webtiles) character file.

Game seed: 15183810759772627787

233 MercyWheel the Sneak (level 6, -2/38 HPs)
             Began as an Octopode Wanderer on Jan 26, 2021.
             Slain by a sky beast (5 damage)
             ... on level 7 of the Dungeon.
             The game lasted 00:06:03 (2086 turns).

MercyWheel the Sneak (Octopode Wanderer)            Turns: 2086, Time: 00:06:04

Health: -2/38      AC:  1    Str: 12    XL:     6   Next: 5%
Magic:  6/6        EV: 12    Int: 14    God:
Gold:   125        SH:  9    Dex: 13    Spells: 5/5 levels left

rFire    . . .     SeeInvis .   m - +0 dagger
rCold    . . .     Faith    .   k - +0 kite shield
rNeg     + . .     Spirit   .   (helmet restricted)
rPois    .         Reflect  .   r - amulet of regeneration
rElec    .         Harm     .   x - ring of positive energy
rCorr    .         Rampage  .   (no ring)
Will     .....                  (no ring)
Stlth    ++++......             (no ring)
HPRegen  0.52/turn              (no ring)
MPRegen  0.10/turn              (no ring)
                                (no ring)
                                (no ring)

@: no status effects
A: almost no armour, stealthy swim, amphibious, 8 rings, constrict 8, camouflage
1, gelatinous body 1
a: no special abilities


You were on level 7 of the Dungeon.
You visited 1 branch of the dungeon, and saw 5 of its levels.

You collected 125 gold pieces.

Inventory:

Hand Weapons
 a - a +0 club
 c - a +0 dagger
 j - a +0 falchion
 m - a +0 dagger (weapon)
Missiles
 l - 23 poisoned darts
 t - 4 datura-tipped darts
 w - 4 atropa-tipped darts (quivered)
Armour
 k - a +0 kite shield (worn)
Jewellery
 r - an amulet of regeneration (around mantle)
 x - a ring of positive energy (left tentacle)
Scrolls
 b - a scroll of fog {unknown}
 d - 2 scrolls of teleportation {unknown}
 e - a scroll of silence {unknown}
 f - a scroll of immolation {unknown}
 g - 2 scrolls of enchant armour {unknown}
 n - 3 scrolls of remove curse {unknown}
 p - a scroll of identify {unknown}
 q - a scroll of amnesia {unknown}
 s - a scroll of blinking {unknown}
 u - a scroll of magic mapping {unknown}
Potions
 i - a potion of haste {unknown}


   Skills:
 - Level 1.0 Fighting
 - Level 3.4 Dodging
 - Level 6.6 Stealth
 + Level 5.3 Shields


You had 5 spell levels left.
You didn't know any spells.
Your spell library was empty.

Dungeon Overview and Level Annotations

Branches:
Dungeon (4/15)
 Temple: D:4-7

Altars:


Innate Abilities, Weirdness & Mutations

You cannot wear most types of armour.
You are very stealthy in the water. (Stealth+)
You are amphibious.
You can wear up to eight rings at the same time.
You can use your tentacles to constrict eight enemies at once.
Your skin changes colour to match your surroundings (Stealth+).
Your rubbery body absorbs attacks. (AC +1, EV +1)


Message History

The atropa-tipped dart closely misses the sky beast.
The sky beast hits you.
* * * LOW HITPOINT WARNING * * *
The sky beast shocks you.
* * * LOW HITPOINT WARNING * * *
Unknown command.
Throw: 5 darts (atropa)
Press: ? - help, Q - select action, (/) - cycle Shift-Dir - straight line, f/p - sky beast
Aim: a sky beast (moderately wounded, chance to blind on hit: 63%)
You throw an atropa-tipped dart.
The atropa-tipped dart hits the sky beast.
The sky beast appears confused.
The sky beast is moderately wounded.
Unknown command.
You hit the sky beast.
The sky beast is moderately wounded.
The sky beast seems less confused.
The sky beast flickers out of sight!
Deactivating autopickup; reactivate with Ctrl-A.
Something hits you.
You die...

#......#####.#.# +........
...#.######
###....#.#####.#.......
.......................
########.........((# #####+#
#########........(..#####......
#..........>(...(...+..........
#.......≈....{......#####.###..
#......(≈....(@.....# #.#
#..................)# #.#####
#............######## #......
#..........### #######
#..÷.......# #.............
##############


There were no monsters in sight!

Vanquished Creatures
  A sky beast (D:7)
  An orc priest (D:4)
  A worker ant (D:4)
  A hound skeleton (D:4)
  3 oozes
  2 leopard geckos
  7 orcs
  2 giant cockroaches
  3 goblins
  6 hobgoblins
  9 jackals
  6 kobolds
  A quokka (D:3)
  5 bats
  2 frilled lizards
  3 rats
53 creatures vanquished.

Notes
Turn   | Place    | Note
-------+----------+-------------------------------------------
     0 | D:1      | MercyWheel the Octopode Wanderer began the quest for the
                  | Orb.
     0 | D:1      | MercyWheel set off with the following items: a +0 club, 2
                  | potions of curing, a +0 dagger
     0 | D:1      | Reached XP level 1. HP: 13/13 MP: 1/1
   257 | D:1      | Reached XP level 2. HP: 13/18 MP: 2/2
   812 | D:2      | Reached XP level 3. HP: 17/23 MP: 3/3
  1555 | D:3      | Reached XP level 4. HP: 28/28 MP: 4/4
  1817 | D:4      | Reached XP level 5. HP: 28/33 MP: 5/5
  1871 | D:4      | You fall into a shaft and drop 3 floors!
  1872 | D:7      | Noticed a sky beast
  1907 | D:7      | Killed a sky beast
  1908 | D:7      | Reached skill level 5 in Shields
  1908 | D:7      | Reached XP level 6. HP: 38/38 MP: 6/6
  2045 | D:7      | Noticed a sky beast
  2086 | D:7      | Slain by a sky beast

Illustrated notes

Levels and vault maps discovered:
D:1:      dpeg_arrival_rhombus, layout_loops_corners, grunt_decor_one_mirror,
          minmay_lizard_pond
D:2:      layout_basic
D:3:      layout_basic
D:4:      layout_basic
D:7:      layout_basic, gammafunk_temple_overflow_pools,
          okawaru_ov_weapons_minmay, serial_shops, shop, minmay_misc_feat_rows,
          skrybe_limestone_x, uniq_pikel

Skill      XL: |  1  2  3  4  5 |
---------------+----------------+-----
Dodging        | 3 |  3.4
Shields        | 3 4 5 |  5.3
Fighting       | |  1.0
Stealth        | |  6.6

Action                   |  1- 3 |  4- 6 || total
-------------------------+-------+-------++-------
Melee: Club              |    48 |       ||    48
       Constrict         |    24 |    10 ||    34
       Tentacles         |    18 |     9 ||    27
       Dagger            |    45 |    61 ||   106
Throw: Dart              |       |    25 ||    25
  Use: Potion            |     1 |     6 ||     7
 Stab: Sleeping          |    14 |       ||    14
       Distracted        |     1 |       ||     1
Armor: Skin              |    14 |    13 ||    27
Dodge: Dodged            |    54 |    12 ||    66
Block: Kite shield       |     8 |    33 ||    41
